 Dungeon Crawl Stone Soup version 0.19.1 (webtiles) character file.

2587 Rrauwl the Sneak (level 9, -1/44 HPs)
             Began as a Vine Stalker Fighter on Nov 29, 2016.
             Was an Elder of Hepliaklqana.
             Slain by a spectral orc warrior
             ... wielding a +0 battleaxe
             ... summoned by Nergalle
              (8 damage)
             ... on level 10 of the Dungeon.
             The game lasted 00:48:15 (5935 turns).

Rrauwl the Sneak (Vine Stalker Fighter)             Turns: 5935, Time: 00:48:15

Health: -1/44      AC:  6    Str: 19    XL:     9   Next: 58%
Magic:  0/10       EV: 16    Int:  6    God:    Hepliaklqana [****..]
Gold:   160        SH:  0    Dex: 22    Spells: 1 memorised, 7 levels left

rFire  . . .     SeeInvis +     w - +2 scythe (flame)
rCold  . . .     Gourm    .     b - +1 scale mail
rNeg   . . .     Faith    .     (shield currently unavailable)
rPois  +         Spirit   +     (helmet restricted)
rElec  .         Reflect  .     (no cloak)
rCorr  .         Harm     .     e - +0 pair of gloves
MR     +....                    (no boots)
Stlth  +++.......               (no amulet)
                                x - ring of see invisible
                                f - ring of poison resistance

@: agile, drained
A: reduced essence, fangs 3, horns 2, blink, deformed body, dopey 1,
regeneration 1, screaming 1, magic shield, antimagic bite, no device heal 3, rot
immunity, subdued magic 1
a: Blink, Recall Ancestor, Ancestor Identity, Transference, Idealise, Renounce
Religion


You were on level 10 of the Dungeon.
You worshipped Hepliaklqana.
Hepliaklqana was greatly pleased with you.
You were not hungry.

You visited 1 branch of the dungeon, and saw 9 of its levels.

You collected 352 gold pieces.
You spent 192 gold pieces at shops.

Inventory:

Hand Weapons
 w - a +2 scythe of flaming (weapon)
Missiles
 i - 93 arrows
Armour
 b - a +1 scale mail (worn)
 c - a +0 shield
 e - a +0 pair of gloves (worn)
Jewellery
 f - a ring of poison resistance (left hand)
 x - a ring of see invisible (right hand)
Wands
 t - a wand of lightning (9/15)
 v - a wand of flame (15/48)
 y - a wand of acid (9/15)
Scrolls
 a - a scroll of remove curse
 g - 3 scrolls of fog
 j - a scroll of identify
 n - 2 scrolls of enchant armour
 o - 5 scrolls of amnesia
 q - 3 scrolls of immolation
 r - a scroll of blinking
 s - a scroll of enchant weapon
 u - a scroll of torment
Potions
 d - a potion of might
 h - 3 potions of flight
 z - a potion of lignification
Books
 m - a book of Minor Magic

   Spells                             Type                      Level
   a - Magic Dart                     Conjuration                  1
   b - Blink                          Translocation                2
   c - Call Imp                       Summoning                    2
   d - Repel Missiles                 Charms/Air                   2
   e - Slow                           Hexes                        2
   f - Conjure Flame                  Conjuration/Fire             3
   g - Mephitic Cloud                 Conjuration/Poison/Air       3
Comestibles
 l - 4 bread rations
 p - a chunk of flesh


   Skills:
 + Level 6.4(5.9) Fighting
 + Level 6.3(5.8) Polearms
 - Level 5.0(4.5) Armour
 - Level 3.0(2.5) Dodging
 + Level 6.9(6.4) Stealth
 - Level 3.0(2.5) Shields


You had 7 spell levels left.
You knew the following spells:

 Your Spells              Type           Power        Failure   Level  Hunger
a - Magic Dart            Conj           #...         95%         1    ##.....


Dungeon Overview and Level Annotations

Branches:
Dungeon (8/15)             Temple (0/1) D:6             Orc (0/2) D:10
   Lair: D:8-11

Altars:
Dithmenos
Gozag
Hepliaklqana
Kikubaaqudgha
Makhleb
Sif Muna
Xom
Yredelemnul
Zin

Shops:
D:5 ?

Annotations:
D:10 Nergalle


Innate Abilities, Weirdness & Mutations

You have razor-sharp teeth.
Your natural rate of healing is unusually fast.
When hurt, damage is shared between your health and your magic reserves.
Your bite disrupts and absorbs the magic of your enemies.
Potions and wands cannot restore your health.
You are immune to rotting.
Your life essence is reduced. (-10% HP)
You have a pair of horns on your head.
You can translocate small distances at will.
Armour fits poorly on your strangely shaped body.
You are dopey. (Int -2)
You occasionally shout uncontrollably at your foes.
Your spells are a little easier to cast, but a little less powerful.


Message History

You feel agile all of a sudden.
Nergalle hits Bo but does no damage.
The spectral orc warrior hits you but does no damage.
The spectral orc warrior closely misses you.
Bo closely misses Nergalle.
Attack whom?
Press: ? - help, Dir - move target cursor, f/p - Nergalle
Aim: Nergalle, wielding an enchanted dagger and wearing an embroidered robe (severely wounded)
You could not reach far enough!
Bo blocks Nergalle's attack.
The spectral orc warrior barely misses you. x2
Bo hits Nergalle with a flail.
Bo blocks Nergalle's attack.
Attack whom?
Press: ? - help, Dir - move target cursor, f/p - Nergalle
Aim: Nergalle, wielding an enchanted dagger and wearing an embroidered robe (severely wounded)
You reach to attack!
You barely miss Nergalle.
Nergalle is severely wounded.
The spectral orc warrior misses you.
Bo completely misses Nergalle.
Nergalle hits Bo but does no damage.
The spectral orc warrior hits you with a battleaxe!
You die...

#.......>........'..
##.#####.#########..
#.# ###'### ### #.#
#.....# #.#
#.....######### #.#
#.............. #Z#
#.....#########
##Z#########
#ZZ@Ro...#
########.#


You could see the friendly Bo the knight, Nergalle and 4 spectral orc warriors.

Vanquished Creatures
  A sky beast (D:6)
  An ice beast (D:5)
  2 ogres
  A centaur (D:10)
  4 scorpions
  A wight (D:7)
  A howler monkey (D:5)
  3 crimson imps
  A jelly (D:10)
  3 hounds (D:4)
  A worker ant (D:5)
  A gnoll (D:2)
  4 adders
  3 oozes (D:1)
  A worm (D:4)
  An ancestor (D:2)
  2 leopard geckos
  11 orcs
  A giant cockroach (D:7)
  4 goblins
  6 hobgoblins
  2 jackals (D:3)
  6 kobolds
  A quokka (D:4)
  3 ball pythons
  6 bats
  5 frilled lizards
  A jackal zombie (D:5)
  A quokka zombie (D:7)
  9 rats
87 creatures vanquished.

Vanquished Creatures (collateral kills)
  Pikel (D:6)
  Sigmund (D:5)
  A sky beast (D:5)
  An ogre (D:6)
  A centaur (D:5)
  2 bullfrogs (D:6)
  A wight (D:7)
  2 howler monkeys
  A crimson imp (D:5)
  A jelly (D:10)
  A hound (D:4)
  An orc priest (D:4)
  2 orc wizards (D:10)
  3 worker ants
  2 gnolls (D:2)
  9 adders
  A shadow imp (D:6)
  3 worms
  A leopard gecko (D:4)
  10 orcs
  A giant cockroach (D:3)
  2 hobgoblins
  A quokka (D:10)
  A bat (D:3)
  A frilled lizard (D:4)
  A kobold (D:3)
52 creatures vanquished.

Vanquished Creatures (others)
  A slave (D:6)
  An iguana (D:6)
  A worker ant (D:6)
  A knight (D:6)
  An adder zombie (D:6)
  An ancestor (D:3)
6 creatures vanquished.

Grand Total: 145 creatures vanquished

Notes
Turn   | Place    | Note
-------+----------+-------------------------------------------
     0 | D:1      | Rrauwl the Vine Stalker Fighter began the quest for the Orb.
     0 | D:1      | Reached XP level 1. HP: 11/11 MP: 2/2
    45 | D:1      | Reached XP level 2. HP: 16/16 MP: 3/3
   171 | D:1      | Reached XP level 3. HP: 19/19 MP: 4/4
   923 | D:2      | Found a shimmering altar of Xom.
   924 | D:2      | Found a hazy altar of Hepliaklqana.
   924 | D:2      | Noticed a thorn hunter
   925 | D:2      | Noticed a spectral ugly thing
   925 | D:2      | Noticed a thorn hunter
   934 | D:2      | Became a worshipper of Hepliaklqana the Forgotten
  1127 | D:2      | Gained mutation: Your natural rate of healing is unusually fast. [Vine Stalker growth]
  1127 | D:2      | Reached XP level 4. HP: 16/21 MP: 3/5
  1145 | D:2      | Found an opulent altar of Gozag.
  1146 | D:2      | Found a glowing silver altar of Zin.
  1395 | D:2      | Found a faded altar of an unknown god.
  1404 | D:2      | Found a basalt altar of Yredelemnul.
  1726 | D:2      | Reached XP level 5. HP: 16/25 MP: 2/6
  1936 | D:3      | Reached * piety under Hepliaklqana
  2680 | D:4      | Gained mutation: You occasionally shout uncontrollably at your foes. [potion of mutation]
  2680 | D:4      | Gained mutation: You are clumsy. (Dex -2) [potion of mutation]
  2680 | D:4      | Gained mutation: You evolve. [potion of mutation]
  2704 | D:4      | Reached XP level 6. HP: 18/29 MP: 4/7
  2809 | D:4      | Reached ** piety under Hepliaklqana
  2810 | D:4      | Remembered your ancestor Bo as a knight
  2933 | D:4      | Reached XP level 7. HP: 33/34 MP: 6/8
  3158 | D:4      | Reached skill level 1 in Stealth
  3299 | D:4      | Found an ancient bone altar of Kikubaaqudgha.
  3334 | D:5      | Entered Level 5 of the Dungeon
  3700 | D:5      | Found a burning altar of Makhleb.
  3740 | D:5      | Found Mutseeb's Magic Scroll Emporium.
  3743 | D:5      | Bought a scroll of enchant weapon for 90 gold pieces
  3743 | D:5      | Bought a scroll of random uselessness for 12 gold pieces
  3743 | D:5      | Bought a scroll of torment for 90 gold pieces
  3759 | D:5      | You fall through a shaft for 3 floors!
  3768 | D:7      | Found a shadowy altar of Dithmenos.
  3796 | D:7      | Reached *** piety under Hepliaklqana
  3902 | D:7      | Gained mutation: You have razor-sharp teeth. [Vine Stalker growth]
  3902 | D:7      | Reached XP level 8. HP: 37/37 MP: 9/9
  3912 | D:7      | Reached skill level 5 in Fighting
  3922 | D:6      | Noticed Pikel
  4066 | D:5      | Lost mutation: You are clumsy. (Dex -2) [evolution]
  4202 | D:5      | Reached skill level 5 in Polearms
  4202 | D:5      | Reached skill level 5 in Armour
  4256 | D:5      | Noticed Sigmund
  4264 | D:5      | Killed Sigmund
  4307 | D:5      | Reached skill level 1 in Dodging
  4566 | D:6      | Killed Pikel
  4566 | D:6      | Reached skill level 5 in Stealth
  4566 | D:6      | Reached XP level 9. HP: 43/43 MP: 8/10
  4689 | D:6      | Learned a level 1 spell: Magic Dart
  4850 | D:6      | Found a deep blue altar of Sif Muna.
  5140 | D:6      | Found a staircase to the Ecumenical Temple.
  5259 | D:6      | Gained mutation: Armour fits poorly on your strangely shaped body. [evolution]
  5259 | D:6      | Lost mutation: You evolve. [end of evolution]
  5360 | D:6      | Gained mutation: You are dopey. (Int -2) [mutagenic meat]
  5361 | D:6      | Gained mutation: Your spells are a little easier to cast, but a little less powerful. [mutagenic meat]
  5362 | D:6      | Gained mutation: You have a pair of small horns on your head. [mutagenic meat]
  5363 | D:6      | Gained mutation: You can translocate small distances at will. [mutagenic meat]
  5364 | D:6      | Gained mutation: You have a pair of horns on your head. [mutagenic meat]
  5513 | D:7      | Reached **** piety under Hepliaklqana
  5642 | D:7      | You fall through a shaft for 3 floors!
  5642 | D:10     | Entered Level 10 of the Dungeon
  5642 | D:10     | Found a staircase to the Orcish Mines.
  5912 | D:10     | Noticed Nergalle
  5935 | D:10     | Slain by a spectral orc warrior

Skill      XL: |  1  2  3  4  5  6  7  8  9 |
---------------+----------------------------+-----
Shields        | 3 |  3.0
Polearms       | 2 3 4 5 6 |  6.3
Fighting       | 3 4 5 6 |  6.4
Armour         | 3 4 5 |  5.0
Stealth        | 3 5 6 |  6.9
Dodging        | 2 3 |  3.0

Action                   |  1- 3 |  4- 6 |  7- 9 || total
-------------------------+-------+-------+-------++-------
Melee: Trident           |    84 |    41 |       ||   125
       Bite              |    16 |    20 |    12 ||    48
       Halberd           |       |    89 |    65 ||   154
       Scythe            |       |       |    48 ||    48
       Headbutt          |       |       |     3 ||     3
Invok: Ancestor Identity |     1 |     1 |       ||     2
       Ancestor Life: Kn |       |     1 |       ||     1
       Recall Ancestor   |       |       |     4 ||     4
  Use: Scroll            |     4 |     5 |     6 ||    15
       Potion            |     2 |     5 |     4 ||    11
 Stab: Distracted        |     1 |     1 |       ||     2
       Invisible         |       |       |     1 ||     1
       Sleeping          |       |       |     1 ||     1
  Eat: Chunk             |     1 |     1 |    10 ||    12
       Bread ration      |       |     1 |       ||     1
       Pizza             |       |       |     1 ||     1
       Royal jelly       |       |       |     1 ||     1
       Meat ration       |       |       |     1 ||     1
Armor: Scale mail        |    26 |    47 |    29 ||   102
Dodge: Dodged            |    15 |    48 |    33 ||    96
Block: Shield            |    24 |    13 |       ||    37
